| TOP OF THE 1ST |
|
Frisco RoughRiders batting - Pitching for Corpus Christi Hooks : RHP Mike Wirick
|
|
Pitching: RHP Mike Wirick
|
|
|
Batting: LHB Yoshinari Nara
|
0-0: Called Strike 0-1: Ground out 6-3 (Groundball, 6M, EV 78.1 MPH)
|
|
Batting: LHB Alfonso Collazo
|
0-0: Ball 1-0: Called Strike 1-1: Ball 2-1: Foul Ball, location: 2F 2-2: Ball 3-2: Foul Ball, location: 2F 3-2: Strikes out swinging
|
|
Batting: LHB Jim Pankratz
|
0-0: Ball 1-0: Ball 2-0: Called Strike 2-1: Fly out, F5 (Popup, 25F, EV 85.6 MPH)
|
| Top of the 1st over - 0 runs, 0 hits, 0 errors, 0 left on base; Frisco 0 - Corpus Christi 0 |
| BOTTOM OF THE 1ST |
|
Corpus Christi Hooks batting - Pitching for Frisco RoughRiders : RHP John Piccola
|
|
Pitching: RHP John Piccola
|
|
|
Batting: RHB Sean Mounts
|
0-0: Ball 1-0: Swinging Strike 1-1: Ball 2-1: Ball 3-1: Called Strike 3-2: Base on Balls
|
|
Batting: RHB Andrew Pride
|
0-0: Reached on error, E5 (Groundball, 56, EV 106.2 MPH) Sean Mounts to second
|
|
Batting: RHB Duncan Collins
|
0-0: 3-RUN HOME RUN (Flyball, 9D, EV 97.5 MPH), Distance : 391 ft
|
|
Batting: LHB Bob Dietz
|
0-0: Ball 1-0: Ground out 4-3 (Groundball, 4, EV 101.2 MPH)
|
|
Batting: RHB Xavier Castaneda
|
0-0: Ball 1-0: Foul Ball, location: 2F 1-1: Foul Ball, location: 2F 1-2: Ground out 6-3 (Groundball, 56, EV 96.9 MPH)
|
|
Batting: LHB Jackson Trottier
|
0-0: Foul Ball, location: 2F 0-1: Called Strike 0-2: Fly out, F8 (Flyball, 8LD, EV 101.9 MPH)
|
| Bottom of the 1st over - 3 runs, 1 hit, 1 error, 0 left on base; Frisco 0 - Corpus Christi 3 |
| TOP OF THE 2ND |
|
Frisco RoughRiders batting - Pitching for Corpus Christi Hooks : RHP Mike Wirick
|
|
Batting: RHB Sean Neuroth
|
0-0: Called Strike 0-1: Ball 1-1: Foul Ball, location: 2F 1-2: Ball 2-2: Ball 3-2: Base on Balls
|
|
Batting: RHB Josh Whitmore
|
0-0: Ball 1-0: Foul Ball, location: 2F 1-1: Swinging Strike 1-2: Ball Sean Neuroth steals 2nd base 2-2: Ground out U3 (Groundball, 34, EV 89.4 MPH) Sean Neuroth to third
|
|
Batting: RHB Sergio Godinez
|
0-0: Swinging Strike 0-1: Ball 1-1: Ball 2-1: Foul Ball, location: 2F 2-2: Foul Ball, location: 2F 2-2: Strikes out swinging
|
|
Batting: RHB Matt Sanders
|
0-0: Swinging Strike 0-1: Called Strike 0-2: Strikes out swinging
|
| Top of the 2nd over - 0 runs, 0 hits, 0 errors, 1 left on base; Frisco 0 - Corpus Christi 3 |
| BOTTOM OF THE 2ND |
|
Corpus Christi Hooks batting - Pitching for Frisco RoughRiders : RHP John Piccola
|
|
Batting: RHB Alex Campos
|
0-0: Foul Ball, location: 2F 0-1: Swinging Strike 0-2: Ball 1-2: Ball 2-2: Foul Ball, location: 2F 2-2: Foul Ball, location: 2F 2-2: Foul Ball, location: 2F 2-2: Foul Ball, location: 2F 2-2: Foul Ball, location: 2F 2-2: Ball 3-2: Foul Ball, location: 2F 3-2: Strikes out looking
|
|
Batting: RHB Yoshitoshi Mori
|
0-0: Swinging Strike 0-1: Called Strike 0-2: Ball 1-2: Strikes out swinging
|
|
Batting: RHB Oren Jones
|
0-0: Foul Ball, location: 2F 0-1: Called Strike 0-2: SINGLE (Line Drive, 56, EV 95.0 MPH)
|
|
Batting: RHB Sean Mounts
|
0-0: Called Strike 0-1: Ball 1-1: 2-RUN HOME RUN (Flyball, 78XD, EV 108.8 MPH), Distance : 436 ft
|
|
Batting: RHB Andrew Pride
|
0-0: Ball 1-0: Swinging Strike 1-1: Fly out, F8 (Flyball, 89M, EV 78.8 MPH)
|
| Bottom of the 2nd over - 2 runs, 2 hits, 0 errors, 0 left on base; Frisco 0 - Corpus Christi 5 |
| TOP OF THE 3RD |
|
Frisco RoughRiders batting - Pitching for Corpus Christi Hooks : RHP Mike Wirick
|
|
Batting: RHB Joe Kemp
|
0-0: Foul Ball, location: 2F 0-1: Foul Ball, location: 2F 0-2: Foul Ball, location: 2F 0-2: Foul Ball, location: 2F 0-2: Foul Ball, location: 2F 0-2: Ball 1-2: Fly out, F4 (Flyball, 4D, EV 88.1 MPH)
|
|
Batting: RHB Luis Arce
|
0-0: Ball 1-0: Ball 2-0: Called Strike 2-1: Foul Ball, location: 2F 2-2: Ball 3-2: Foul Ball, location: 2F 3-2: Fly out, F7 (Flyball, 7S, EV 90.0 MPH)
|
|
Batting: LHB Yoshinari Nara
|
0-0: Swinging Strike 0-1: Foul Ball, location: 2F 0-2: Ball 1-2: Ball 2-2: Ball 3-2: Fly out, F8 (Line Drive, 8RM, EV 90.0 MPH)
|
| Top of the 3rd over - 0 runs, 0 hits, 0 errors, 0 left on base; Frisco 0 - Corpus Christi 5 |
| BOTTOM OF THE 3RD |
|
Corpus Christi Hooks batting - Pitching for Frisco RoughRiders : RHP John Piccola
|
|
Batting: RHB Duncan Collins
|
0-0: Ball 1-0: Fly out, F9 (Flyball, 9D, EV 95.6 MPH)
|
|
Batting: LHB Bob Dietz
|
0-0: Called Strike 0-1: Ball 1-1: Foul Ball, location: 2F 1-2: Ball 2-2: Fly out, F8 (Flyball, 8RM, EV 94.4 MPH)
|
|
Batting: RHB Xavier Castaneda
|
0-0: Called Strike 0-1: DOUBLE (Flyball, 8RXD, EV 96.2 MPH)
|
|
Batting: LHB Jackson Trottier
|
0-0: Ball 1-0: Foul Ball, location: 2F 1-1: Swinging Strike 1-2: Ball 2-2: Ball 3-2: Strikes out looking
|
| Bottom of the 3rd over - 0 runs, 1 hit, 0 errors, 1 left on base; Frisco 0 - Corpus Christi 5 |
| TOP OF THE 4TH |
|
Frisco RoughRiders batting - Pitching for Corpus Christi Hooks : RHP Mike Wirick
|
|
Batting: LHB Alfonso Collazo
|
0-0: Ball 1-0: Ball 2-0: Foul Ball, location: 2F 2-1: Foul Ball, location: 2F 2-2: Strikes out swinging
|
|
Batting: LHB Jim Pankratz
|
0-0: Ball 1-0: Called Strike 1-1: Foul Ball, location: 2F 1-2: Ball 2-2: Foul Ball, location: 2F 2-2: Foul Ball, location: 2F 2-2: SINGLE (Groundball, 4MD, EV 110.6 MPH) (infield hit)
|
|
Batting: RHB Sean Neuroth
|
0-0: Foul Ball, location: 2F 0-1: Foul Ball, location: 2F 0-2: Fly out, F4 (Line Drive, 4, EV 66.2 MPH)
|
|
Batting: RHB Josh Whitmore
|
0-0: SINGLE (Line Drive, 8RS, EV 110.0 MPH) Jim Pankratz to second
|
|
Batting: RHB Sergio Godinez
|
0-0: Ball 1-0: Called Strike 1-1: Foul Ball, location: 2F 1-2: Ball 2-2: Foul Ball, location: 2F 2-2: Fly out, F7 (Flyball, 7D, EV 86.9 MPH)
|
| Top of the 4th over - 0 runs, 2 hits, 0 errors, 2 left on base; Frisco 0 - Corpus Christi 5 |
| BOTTOM OF THE 4TH |
|
Corpus Christi Hooks batting - Pitching for Frisco RoughRiders : RHP John Piccola
|
|
Batting: RHB Alex Campos
|
0-0: Fly out, F8 (Flyball, 8LM, EV 83.1 MPH)
|
|
Batting: RHB Yoshitoshi Mori
|
0-0: Ball 1-0: Foul Ball, location: 2F 1-1: Called Strike 1-2: Strikes out looking
|
|
Batting: RHB Oren Jones
|
0-0: Ball 1-0: Foul Ball, location: 2F 1-1: Called Strike 1-2: Ground out 6-3 (Groundball, 6, EV 81.2 MPH)
|
| Bottom of the 4th over - 0 runs, 0 hits, 0 errors, 0 left on base; Frisco 0 - Corpus Christi 5 |
| TOP OF THE 5TH |
|
Frisco RoughRiders batting - Pitching for Corpus Christi Hooks : RHP Mike Wirick
|
|
Batting: RHB Matt Sanders
|
0-0: Ball 1-0: Ball 2-0: Fly out, F9 (Flyball, 9LM, EV 95.0 MPH)
|
|
Batting: RHB Joe Kemp
|
0-0: Ball 1-0: Called Strike 1-1: Foul Ball, location: 2F 1-2: Ground out 4-3 (Groundball, 4, EV 103.1 MPH)
|
|
Batting: RHB Luis Arce
|
0-0: Swinging Strike 0-1: Foul Ball, location: 2F 0-2: Foul Ball, location: 2F 0-2: Ground out 5-3 (Groundball, 5, EV 88.8 MPH)
|
| Top of the 5th over - 0 runs, 0 hits, 0 errors, 0 left on base; Frisco 0 - Corpus Christi 5 |
| BOTTOM OF THE 5TH |
|
Corpus Christi Hooks batting - Pitching for Frisco RoughRiders : RHP John Piccola
|
|
Batting: RHB Sean Mounts
|
0-0: Foul Ball, location: 2F 0-1: Called Strike 0-2: Ball 1-2: Foul Ball, location: 2F 1-2: Ground out 4-3 (Groundball, 34, EV 98.8 MPH)
|
|
Batting: RHB Andrew Pride
|
0-0: Fly out, F8 (Flyball, 8RM, EV 89.4 MPH)
|
|
Batting: RHB Duncan Collins
|
0-0: Called Strike 0-1: Foul Ball, location: 2F 0-2: Fly out, F8 (Flyball, 8RXD, EV 91.9 MPH)
|
| Bottom of the 5th over - 0 runs, 0 hits, 0 errors, 0 left on base; Frisco 0 - Corpus Christi 5 |
| TOP OF THE 6TH |
|
Frisco RoughRiders batting - Pitching for Corpus Christi Hooks : RHP Mike Wirick
|
|
Pitching: RHP Brian Trejo
|
|
|
Batting: LHB Yoshinari Nara
|
0-0: Ball 1-0: DOUBLE (Flyball, 8LXD, EV 109.4 MPH)
|
|
Batting: LHB Alfonso Collazo
|
0-0: Ball Yoshinari Nara steals 3rd base 1-0: Called Strike 1-1: Foul Ball, location: 2F 1-2: Fly out, F5 (Popup, 56S, EV 79.4 MPH)
|
|
Batting: LHB Jim Pankratz
|
0-0: Ball 1-0: Swinging Strike 1-1: Called Strike 1-2: Ball 2-2: Ball 3-2: Foul Ball, location: 2F 3-2: Strikes out swinging
|
|
Batting: RHB Sean Neuroth
|
0-0: Called Strike 0-1: Ball 1-1: DOUBLE (Line Drive, 89M, EV 91.2 MPH) Yoshinari Nara scores
|
|
Batting: RHB Josh Whitmore
|
0-0: Foul Ball, location: 2F 0-1: Ball 1-1: Called Strike 1-2: Fly out, F8 (Flyball, 8LM, EV 87.5 MPH)
|
| Top of the 6th over - 1 run, 2 hits, 0 errors, 1 left on base; Frisco 1 - Corpus Christi 5 |
| BOTTOM OF THE 6TH |
|
Corpus Christi Hooks batting - Pitching for Frisco RoughRiders : RHP John Piccola
|
|
Batting: LHB Bob Dietz
|
0-0: Called Strike 0-1: Called Strike 0-2: Fly out, F9 (Line Drive, 9LM, EV 93.1 MPH)
|
|
Batting: RHB Xavier Castaneda
|
0-0: Ball 1-0: Called Strike 1-1: Ground out 5-3 (Groundball, 5, EV 82.5 MPH)
|
|
Batting: LHB Jackson Trottier
|
0-0: SINGLE (Groundball, 6D, EV 95.6 MPH)
|
|
Pitching: RHP Aaron Munt
|
|
|
Batting: RHB Alex Campos
|
0-0: Foul Ball, location: 2F 0-1: Called Strike 0-2: Fly out, F8 (Flyball, 89M, EV 83.8 MPH)
|
| Bottom of the 6th over - 0 runs, 1 hit, 0 errors, 1 left on base; Frisco 1 - Corpus Christi 5 |
| TOP OF THE 7TH |
|
Frisco RoughRiders batting - Pitching for Corpus Christi Hooks : RHP Brian Trejo
|
|
Pitching: RHP Manny Bonilla
|
|
|
Batting: RHB Sergio Godinez
|
0-0: SINGLE (Groundball, 6, EV 98.8 MPH)
|
|
Batting: RHB Matt Sanders
|
0-0: Ball 1-0: Sac Bunt to 25 - play at first, batter safe! Sergio Godinez to second
|
|
Batting: RHB Joe Kemp
|
0-0: Ball Wild Pitch! Sergio Godinez to third Matt Sanders to second 1-0: Called Strike 1-1: Ground out 4-3 (Groundball, 4, EV 93.1 MPH) Sergio Godinez scores Matt Sanders to third
|
|
Batting: RHB Luis Arce
|
0-0: Foul Ball, location: 2F 0-1: Ball 1-1: Called Strike 1-2: Ball 2-2: Ball 3-2: Base on Balls
|
|
Batting: LHB Yoshinari Nara
|
0-0: Called Strike Luis Arce steals 2nd base 0-1: Foul Ball, location: 2F 0-2: Strikes out looking
|
|
Pitching: LHP Mike Holloway
|
|
|
Batting: RHB Mike Thornton
|
0-0: Ball 1-0: Foul Ball, location: 2F 1-1: Ball 2-1: Ball 3-1: Base on Balls
|
|
Pinch Hitting: RHB John Michener
|
0-0: GRAND SLAM HOME RUN (Flyball, 7LD, EV 95.6 MPH), Distance : 377 ft
|
|
Batting: RHB Sean Neuroth
|
0-0: Ball 1-0: Fly out, F8 (Flyball, 8LD, EV 93.1 MPH)
|
| Top of the 7th over - 5 runs, 3 hits, 0 errors, 0 left on base; Frisco 6 - Corpus Christi 5 |
| BOTTOM OF THE 7TH |
|
Corpus Christi Hooks batting - Pitching for Frisco RoughRiders : RHP Aaron Munt
|
|
Now at 1B: Josh Whitmore
|
|
|
Now at 2B: John Michener
|
|
|
Batting: RHB Yoshitoshi Mori
|
0-0: Ball 1-0: Ball 2-0: Foul Ball, location: 2F 2-1: Foul Ball, location: 2F 2-2: DOUBLE (Line Drive, 9LS, EV 95.6 MPH)
|
|
Pinch Hitting: LHB Glenn Lowther
|
0-0: Foul Ball, location: 2F 0-1: Called Strike 0-2: Ground out U3 (Groundball, 13, EV 83.1 MPH) Yoshitoshi Mori to third
|
|
Batting: RHB Sean Mounts
|
0-0: Called Strike 0-1: Ball 1-1: Foul Ball, location: 2F 1-2: SINGLE (Line Drive, 4D, EV 101.9 MPH) Yoshitoshi Mori scores
|
|
Batting: RHB Andrew Pride
|
0-0: Ball 1-0: Ground out 5-3 (Groundball, 56S, EV 78.1 MPH) Sean Mounts to second
|
|
Batting: RHB Duncan Collins
|
0-0: Ball 1-0: SINGLE (Groundball, 56D, EV 96.9 MPH) Sean Mounts to third Runner from 3rd tries for Home, throw by LF and OUT! 7-2
|
| Bottom of the 7th over - 1 run, 3 hits, 0 errors, 1 left on base; Frisco 6 - Corpus Christi 6 |
| TOP OF THE 8TH |
|
Frisco RoughRiders batting - Pitching for Corpus Christi Hooks : LHP Mike Holloway
|
|
Now at SS: Xavier Castaneda
|
|
|
Now in CF: Glenn Lowther
|
|
|
Batting: RHB Josh Whitmore
|
0-0: Called Strike 0-1: Called Strike 0-2: Strikes out swinging
|
|
Batting: RHB Sergio Godinez
|
0-0: Called Strike 0-1: Ground out 6-3 (Groundball, 56, EV 101.2 MPH)
|
|
Batting: RHB Matt Sanders
|
0-0: Called Strike 0-1: Called Strike 0-2: Foul Ball, location: 2F 0-2: Ball 1-2: Strikes out swinging
|
| Top of the 8th over - 0 runs, 0 hits, 0 errors, 0 left on base; Frisco 6 - Corpus Christi 6 |
| BOTTOM OF THE 8TH |
|
Corpus Christi Hooks batting - Pitching for Frisco RoughRiders : RHP Aaron Munt
|
|
Batting: LHB Bob Dietz
|
0-0: Ground out 4-3 (Groundball, 4M, EV 102.5 MPH)
|
|
Batting: RHB Xavier Castaneda
|
0-0: Called Strike 0-1: Foul Ball, location: 2F 0-2: Ball 1-2: Strikes out swinging
|
|
Batting: LHB Jackson Trottier
|
0-0: Ball 1-0: Swinging Strike 1-1: Swinging Strike 1-2: Ball 2-2: Strikes out swinging
|
| Bottom of the 8th over - 0 runs, 0 hits, 0 errors, 0 left on base; Frisco 6 - Corpus Christi 6 |
| TOP OF THE 9TH |
|
Frisco RoughRiders batting - Pitching for Corpus Christi Hooks : LHP Mike Holloway
|
|
Pitching: LHP T.J. Westover
|
|
|
Batting: RHB Joe Kemp
|
0-0: Called Strike 0-1: Hit by Pitch
|
|
Batting: RHB Luis Arce
|
0-0: Ball 1-0: Called Strike Joe Kemp steals 2nd base 1-1: Intentional Walk
|
|
Pinch Hitting: RHB Jorge Benites
|
0-0: SINGLE (Groundball, 6S, EV 70.0 MPH) (infield hit) Joe Kemp to third Luis Arce to second
|
|
Batting: RHB Mike Thornton
|
0-0: Foul Ball, location: 2F 0-1: Ball 1-1: Foul Ball, location: 2F 1-2: Strikes out swinging
|
|
Batting: RHB John Michener
|
0-0: Ball 1-0: Ball 2-0: Fly out, F8 (Line Drive, 8LM, EV 91.9 MPH)
|
|
Batting: RHB Sean Neuroth
|
0-0: Ball 1-0: Foul Ball, location: 2F 1-1: Foul Ball, location: 2F 1-2: Foul Ball, location: 2F 1-2: Strikes out swinging
|
| Top of the 9th over - 0 runs, 1 hit, 0 errors, 3 left on base; Frisco 6 - Corpus Christi 6 |
| BOTTOM OF THE 9TH |
|
Corpus Christi Hooks batting - Pitching for Frisco RoughRiders : RHP Aaron Munt
|
|
Now in LF: Jorge Benites
|
|
|
Batting: RHB Alex Campos
|
0-0: Called Strike 0-1: Ball 1-1: Foul Ball, location: 2F 1-2: Ball 2-2: Ground out 6-3 (Groundball, 56, EV 84.4 MPH)
|
|
Batting: RHB Yoshitoshi Mori
|
0-0: Ball 1-0: Foul Ball, location: 2F 1-1: Called Strike 1-2: Strikes out swinging
|
|
Batting: LHB Glenn Lowther
|
0-0: Ball 1-0: SINGLE (Line Drive, 89S, EV 106.9 MPH)
|
|
Batting: RHB Sean Mounts
|
0-0: Called Strike Glenn Lowther steals 2nd base 0-1: Foul Ball, location: 2F 0-2: DOUBLE (Line Drive, 89XD, EV 111.2 MPH) Glenn Lowther scores
|
| Bottom of the 9th over - 1 run, 2 hits, 0 errors, 1 left on base; Frisco 6 - Corpus Christi 7 |
|